 Dungeon Crawl Stone Soup version 0.31-a0-640-g39d97e502b (webtiles) character file.

Game seed: 7844491730487616004

67 qw the Shooter (level 4, -4/28 HPs)
             Began as a Gargoyle Hunter on Aug 27, 2023.
             Slain by Terence
             ... wielding a +0 trident
              (6 damage)
             ... on level 3 of the Dungeon.
             The game lasted 00:00:34 (1441 turns).

qw the Shooter (Gargoyle Hunter)                    Turns: 1441, Time: 00:00:34

Health: -4/28      AC:  7    Str: 15    XL:     4   Next: 18%
Magic:  4/4        EV: 11    Int:  9    God:
Gold:   77         SH:  0    Dex: 15    Spells: 3/3 levels left

rFire   . . .        Y - +2 longbow (freeze)
rCold   + . .        (shield currently unavailable)
rNeg    + . .        c - +0 leather armour
rPois   inf          (no helmet)
rElec   +            (no cloak)
rCorr   .            f - +0 pair of gloves
SInv    .            (no boots)
Will    .....        (no amulet)
Stlth   ++           e - ring of protection from cold
HPRegen 0.24/turn    (no ring)
MPRegen 0.09/turn

%: no passive effects
@: about to teleport
A: sickness immunity, AC +3, negative energy resistance 1, electricity
resistance, torment resistance 1, petrification resistance
a: no special abilities


You were on level 3 of the Dungeon.
You visited 1 branch of the dungeon, and saw 3 of its levels.

You collected 77 gold pieces.


Innate Abilities, Weirdness & Mutations

You are immune to sickness and miasma.
Your stone body is resilient. (AC +3)
You are immune to poison.
You resist negative energy. (rN+)
You are resistant to electric shocks. (rElec)
You are resistant to unholy torment.
You are immune to petrification.


   Skills:
 - Level 3.0 Fighting
 + Level 5.2 Ranged Weapons
 - Level 1.5 Dodging
 - Level 1.1 Stealth


You had 3 spell levels left.
You didn't know any spells.
Your spell library was empty.

Inventory:

Hand Weapons
 Y - a +2 longbow of freezing (weapon)
Armour
 c - a +0 leather armour (worn)
 f - a +0 pair of gloves (worn)
Jewellery
 e - a ring of protection from cold (left hand)
Potions
 d - a potion of degeneration {unknown}
 g - a potion of curing {unknown}

Dungeon Overview and Level Annotations

Branches:
Dungeon (3/15)

Altars:
Wu Jian
Yredelemnul

Shops:
D:2 [!=

Annotations:
D:3 Terence


Message History

A rat comes into view.
Terence hits you from afar with a +0 trident.
You shoot an arrow. The arrow hits the endoplasm!
The arrow freezes the endoplasm.
You kill the endoplasm!
Terence hits you from afar with a +0 trident.
You shoot an arrow. The arrow hits Terence.
Terence is moderately wounded.
Terence closely misses you. Terence misses you.
You shoot an arrow. The arrow hits Terence.
Terence is heavily wounded.
Terence hits you from afar with a +0 trident.
You shoot an arrow. The arrow barely misses Terence.
Terence hits you from afar with a +0 trident. x2
The rat completely misses you.
You shoot an arrow. The arrow hits the rat!
The arrow freezes the rat.
You kill the rat!
Terence barely misses you.
You shoot an arrow. The arrow barely misses Terence.
Terence barely misses you. Terence closely misses you.
You shoot an arrow.
The arrow hits Terence but does no damage.
Terence is heavily wounded.
Terence hits you but does no damage.
You shoot an arrow. The arrow hits Terence!
The arrow freezes Terence.
Terence is almost dead.
Terence hits you but does no damage.
Terence hits you from afar with a +0 trident.
You shoot an arrow. The arrow closely misses Terence.
Terence hits you from afar with a +0 trident.
1440 ||| READING scroll of teleportation.
As you read the scroll of teleportation, it crumbles to dust.
You feel strangely unstable. Terence screams, "I want your blood!"
Terence closely misses you.
You shoot an arrow.
The arrow hits Terence but does no damage.
Terence is almost dead.
Terence hits you from afar with a +0 trident. x2
You die...

# #. ... #.#. ..
.#. #.. ..##..
#....# #..@. #>.%#
#@### .. #.#.. ...
#.#.#
....######.#.#
...#%.....#.#
#........#.#
##.....##.########
#...............#
#.....##.######.#


You could see Terence.

Vanquished Creatures
  An adder (D:2)
  A dart slug (D:1)
  11 endoplasms
  4 giant cockroaches
  3 goblins
  8 hobgoblins
  3 quokkas
  8 ball pythons
  A bat (D:1)
  4 kobolds
  4 rats
48 creatures vanquished.

Notes
Turn   | Place    | Note
-------+----------+-------------------------------------------
     0 | D:1      | qw the Gargoyle Hunter began the quest for the Orb.
     0 | D:1      | Reached XP level 1. HP: 12/12 MP: 1/1
     0 | D:1      | 0 ||| qw: Version: 0.3-a-74-g0d5e918
     0 | D:1      | 0 ||| qw: Game counter: 192
     0 | D:1      | 0 ||| qw: Melee chars always use a shield: true
     0 | D:1      | 0 ||| qw: God list: Okawaru
     0 | D:1      | 0 ||| qw: Allow faded altars: false
     0 | D:1      | 0 ||| qw: Do Orc after clearing Dungeon:15 true
     0 | D:1      | 0 ||| qw: Do second Lair branch before Depths: true
     0 | D:1      | 0 ||| qw: Lair rune preference: random
     0 | D:1      | 0 ||| qw: Goals: Normal
     0 | D:1      | 0 ||| PLANNING D:1-11
    47 | D:1      | Reached XP level 2. HP: 14/17 MP: 2/2
    64 | D:1      | You fall into a shaft and drop 1 floor!
    64 | D:2      | Found Mouduqa's Antique Armour Shop.
   100 | D:2      | 100 ||| SHOPLISTING creamy pearl robe (148 gold, have 9).
   100 | D:2      | 100 ||| SHOPLISTING glimmering acid dragon scales (1170
                  | gold, have 9).
   100 | D:2      | 100 ||| SHOPLISTING glowing leather armour (130 gold, have
                  | 9).
   100 | D:2      | 100 ||| SHOPLISTING ring mail (104 gold, have 9).
   123 | D:2      | Reached XP level 3. HP: 21/21 MP: 3/3
   153 | D:2      | Reached skill level 5 in Ranged Weapons
   221 | D:2      | Found Latoawk's Distillery.
   224 | D:2      | 224 ||| SHOPLISTING potion of curing (39 gold, have 34).
   224 | D:2      | 224 ||| SHOPLISTING potion of enlightenment (65 gold, have
                  | 34).
   224 | D:2      | 224 ||| SHOPLISTING potion of heal wounds (65 gold, have
                  | 34).
   224 | D:2      | 224 ||| SHOPLISTING potion of mutation (104 gold, have 34).
   224 | D:2      | Found Zeixkis's Jewellery Shoppe.
   232 | D:2      | 232 ||| SHOPLISTING +4 ring of protection (360 gold, have
                  | 34).
   232 | D:2      | 232 ||| SHOPLISTING ring "Gupetoagg" {Will+ Str+3 Int-3
                  | Dex+3 SInv} (339 gold, have 34).
   232 | D:2      | 232 ||| SHOPLISTING ring of ice (250 gold, have 34).
   232 | D:2      | 232 ||| SHOPLISTING ring of positive energy (200 gold, have
                  | 34).
   285 | D:2      | 285 ||| UPGRADING to +0 pair of gloves.
   290 | D:2      | 290 ||| UPGRADING to ring of protection from cold.
   291 | D:2      | 291 ||| READING scroll labelled FYEZOR QUFFAQU.
   292 | D:2      | 292 ||| DROPPING scroll of butterflies.
   519 | D:1      | Reached skill level 3 in Fighting
   786 | D:1      | Found a faded altar of an unknown god.
   976 | D:1      | 976 ||| READING scroll labelled MIGUPSUELL.
   981 | D:1      | 981 ||| READING scroll labelled ACWEHER XYBI.
   981 | D:1      | Identified a scroll of acquirement
   981 | D:1      | 981 ||| ACQUIRING +2 longbow of freezing
   981 | D:1      | Acquired a +2 longbow of freezing
   983 | D:1      | 983 ||| SWAPPING to +2 longbow of freezing.
   984 | D:1      | 984 ||| DROPPING +0 shortbow.
  1098 | D:2      | Reached XP level 4. HP: 28/28 MP: 4/4
  1259 | D:2      | 1259 ||| READING scroll labelled SAESUF RIOWUQ.
  1260 | D:2      | 1260 ||| READING scroll labelled LYTECO DALE.
  1350 | D:3      | Found an ornate altar of the Wu Jian Council.
  1360 | D:3      | Found a basalt altar of Yredelemnul.
  1427 | D:3      | Noticed Terence
  1439 | D:3      | HP: 5/28 [Terence/+0 trident (4)]
  1440 | D:3      | 1440 ||| READING scroll of teleportation.
  1441 | D:3      | HP: 2/28 [Terence/+0 trident (4)]
  1441 | D:3      | Slain by Terence

Levels and vault maps discovered:
D:1:      lightli_arrival_maybe_door_vault, layout_loops_ring,
          nicolae_ecumenical_lake_church, st_stairs_10
D:2:      layout_basic, serial_shops, shop, nicolae_shop_tiny_real_fake_doors,
          shop, st_stairs_6, kennysheep_generic_room_5
D:3:      layout_basic, amethyst_overflow_temple_binary, grunt_ministairs_2,
          minivault_11, nicolae_half_adder, uniq_terence

Skill      XL: |  1  2  3 |
---------------+----------+-----
Ranged Weapons | 5 |  5.2
Fighting       | 3 |  3.0
Dodging        | |  1.5
Stealth        | |  1.1

Action                     |  1- 3 |  4- 6 || total
---------------------------+-------+-------++-------
   Fire: Shortbow          |   107 |       ||   107
         Longbow           |     1 |    19 ||    20
    Use: Scroll            |     3 |     3 ||     6
 Armour: Leather armour    |    11 |     4 ||    15
  Dodge: Dodged            |    20 |     7 ||    27

Table legend:
 A = Non-vault XP
 B = Vault XP
 C = Vault XP percentage of total XP
 D = Non-vault monster count
 E = Vault monster count
 F = Vault count percentage of total count
                 A         B        C        D         E       F
            +---------+---------+-------+---------+---------+-------
      Total |      88 |       9 |   9.3 |      43 |       5 |  10.4
            +---------+---------+-------+---------+---------+-------
        D:1 |      39 |       3 |   7.1 |      22 |       2 |   8.3
        D:2 |      42 |       6 |  12.5 |      17 |       3 |  15.0
        D:3 |       7 |       0 |   0.0 |       4 |       0 |   0.0
            +---------+---------+-------+---------+---------+-------
